 Dungeon Crawl Stone Soup version 0.29.1-15-g9cfb28693d (webtiles) character file.

Game seed: 3569300825874606914

275 Coron the Covered (level 6, -4/78 HPs)
             Began as a Meteoran Fighter on Mar 24, 2023.
             Was a Follower of Ru.
             Killed from afar by an orc wizard (7 damage)
             ... with a puff of flame
             ... on level 3 of the Dungeon.
             The game lasted 00:08:49 (1236 turns).

Coron the Covered (Meteoran Fighter)                Turns: 1236, Time: 00:08:49

Health: -4/78      AC: 23    Str: 21    XL:     6   Next: 80%
Magic:  16/16      EV:  2    Int:  9    God:    Ru [*.....]
Gold:   106        SH:  0    Dex: 13    Spells: 5/5 levels left

rFire   . . .      SeeInvis .   a - +0 war axe
rCold   . . .      Faith    .   c - +0 buckler
rNeg    . . .      Spirit   .   (body armour currently unavailable)
rPois   +          Reflect  +   (helmet currently unavailable)
rElec   .          Harm     .   (cloak currently unavailable)
rCorr   .          Rampage  .   (gloves currently unavailable)
Will    .....      NoTele   +   (boots currently unavailable)
Stlth   +.........              n - amulet of reflection
HPRegen 0.23/turn               m - ring of magical power
MPRegen 0.15/turn               (no ring)

@: confused, lethally poisoned (-4 -> -15), tree-form, glowing
A: stationary, stasis, torment immunity, boosted hp, sense surroundings 1,
inability to train dodging, otherworldly, glowing, explore regen
a: Renounce Religion


You were on level 3 of the Dungeon.
You worshipped Ru.
Ru was aware of your devotion.
You were a tree.
You visited 1 branch of the dungeon, and saw 3 of its levels.
You also visited: Sewer.

You collected 106 gold pieces.

Inventory:

Hand Weapons
 a - a +0 war axe (weapon)
 g - a +0 dagger of venom
Missiles
 s - a curare-tipped dart (quivered)
 u - 3 poisoned darts
Armour
 b - a +0 scale mail (melded)
 c - a +0 buckler (worn)
 e - a +0 chain mail
 p - a +0 cloak (melded)
 v - a +0 helmet (melded)
Jewellery
 i - an amulet of guardian spirit
 m - a ring of magical power (left branch)
 n - an amulet of reflection (around neck)
Wands
 l - a wand of mindburst (18)
 y - a wand of quicksilver (4)
Scrolls
 f - a scroll of fear
 k - a scroll of teleportation
 o - a scroll of magic mapping
 r - a scroll of noise {unknown}
 w - a scroll of immolation {unknown}
Potions
 d - a potion of might
 h - a potion of brilliance
 j - 2 potions of magic
 t - 2 potions of haste
 x - a potion of invisibility {unknown}
 z - 3 potions of heal wounds {unknown}


   Skills:
 - Level 4.0 Fighting
 + Level 5.2 Axes
 - Level 6.0 Armour
 - Level 4.0 Shields


You had 5 spell levels left.
You didn't know any spells.
Your spell library was empty.

Dungeon Overview and Level Annotations

Branches:
Dungeon (3/15) Zot: 729     Sewer (visited)

Altars:
Ru

Shops:
D:1 *=   D:3 [


Innate Abilities, Weirdness & Mutations

You are a tree.
Your roots penetrate the ground, keeping you stationary.
You cannot be teleported.
You are immune to unholy pain and torment.
Your maximum health is greatly increased.
Your equipment is partially melded.
You passively map a small area around you.
You cannot train Dodging skill.
You are easily found by Zot.
You glow in the dark.
You regain HP and MP as you explore.


Message History

You are confused.
The orc hits you with a +0 club. The orc hits you but does no damage. x3
The orc hits you from afar with a +0 trident.
* * * LOW HITPOINT WARNING * * *
The orc wizard hits you but does no damage.
You are poisoned.
You bump into the rock wall.
You feel very sick.
The orc wizard gestures at you while chanting.
The puff of flame hits you.
* * * LOW HITPOINT WARNING * * *
The orc barely misses you. The orc hits you but does no damage.
The orc closely misses you.
Really quaff the potion of lignification?
Okay, then.
Really quaff the potion of lignification?
You turn into a tree.
Your +0 cloak melds into your body.
Your +0 helmet melds into your body.
Your +0 scale mail melds into your body.
Your roots penetrate the ground.
You feel sick.
The orc wizard hits you with a +2 dagger of venom.
* * * LOW HITPOINT WARNING * * *
The orc hits you but does no damage. x3
Unknown command.
You cannot move. (Use ctrl+direction or * direction to attack while stationary and confused.) Unknown command.
You cannot move. (Use ctrl+direction or * direction to attack while stationary and confused.) Unknown command.
You cannot move. (Use ctrl+direction or * direction to attack while stationary and confused.) Unknown command.
You attack the rock wall.
You feel sick.
The orc wizard hits you but does no damage.
You are lethally poisoned!
The orc hits you but does no damage. x3
You closely miss the orc. x2; You miss the orc wizard.
* * * LOW HITPOINT WARNING * * *
You feel very sick.
The orc wizard gestures at you while chanting.
The puff of flame hits you!
You die...

, * #..........#
#..........#
#..........#
#..........# *
*..........*
....o. #oo# * #
#########o♣###.###
** ##
#..........)......
..
#.###########.....
,.. #.# .### ##
#.#### # * #....#
, ####.# * * * #.#
* ,, ,
##########.# *


You could see an orc wizard (strong) and 3 orcs.

Vanquished Creatures
  2 kobold brigands (Sewer)
  A jelly (D:3)
  Jessica (D:3)
  2 adders (D:2)
  6 orcs (D:3)
  5 endoplasms
  A giant cockroach (D:2)
  2 goblins (D:1)
  4 hobgoblins
  A quokka (D:3)
  2 ball pythons
  9 bats
  5 frilled lizards
  7 kobolds
  6 rats
54 creatures vanquished.

Vanquished Creatures (others)
  An adder (D:3)
  A kobold (Sewer)
2 creatures vanquished.

Grand Total: 56 creatures vanquished

Notes
Turn   | Place    | Note
-------+----------+-------------------------------------------
     0 | D:1      | Coron the Meteoran Fighter began the quest for the Orb.
     0 | D:1      | Reached XP level 1. HP: 19/19 MP: 2/2
    37 | D:1      | Found Kulakhli's Assorted Antiques.
    59 | D:1      | Found a faded altar of an unknown god.
    78 | D:1      | Prayed at the altar of an unknown god.
    78 | D:1      | Became a worshipper of Ru the Awakened
    79 | D:1      | Gained mutation: You cannot train Dodging skill. [Ru
                  | sacrifice]
    79 | D:1      | Reached * piety under Ru
   147 | D:1      | Found Jiga's Jewellery Boutique.
   178 | D:1      | Reached XP level 2. HP: 24/26 MP: 3/3
   364 | D:2      | Reached XP level 3. HP: 17/31 MP: 4/4
   458 | D:2      | Reached skill level 4 in Armour
   703 | D:3      | Reached XP level 4. HP: 33/40 MP: 5/5
   857 | D:3      | Reached XP level 5. HP: 35/46 MP: 6/6
   861 | D:3      | Found a glowing drain.
   865 | Sewer    | Entered a sewer
   883 | Sewer    | Noticed a kobold brigand
   897 | Sewer    | Killed a kobold brigand
   898 | Sewer    | Reached skill level 5 in Armour
   951 | Sewer    | Noticed a kobold brigand
   969 | Sewer    | Killed a kobold brigand
   970 | Sewer    | Reached skill level 6 in Armour
   970 | Sewer    | Reached XP level 6. HP: 45/52 MP: 7/7
  1174 | D:3      | Found Roilon's Armour Boutique.
  1220 | D:3      | Noticed Jessica
  1230 | D:3      | Reached skill level 5 in Axes
  1231 | D:3      | Killed Jessica
  1236 | D:3      | HP: 3/78 [poisoned by an orc wizard]
  1236 | D:3      | Killed from afar by an orc wizard

Illustrated notes

Levels and vault maps discovered:
D:1:      lightli_arrival_statue_moat, layout_loops_ring, serial_shops,
          nicolae_shop_overgrown_old_shop, shop,
          hellmonk_ecumenical_altar_pennies_from_heaven
D:2:      layout_rooms
D:3:      layout_loops_ring, gup_sewer_entry_bowl, serial_shops,
          nicolae_shop_waterfront, uniq_jessica

Skill      XL: |  1  2  3  4  5  6 |
---------------+-------------------+-----
Armour         | 4 6 |  6.0
Shields        | 4 |  4.0
Axes           | 3 4 5 |  5.2
Fighting       | 4 |  4.0

Action                   |  1- 3 |  4- 6 || total
-------------------------+-------+-------++-------
Melee: War axe           |    71 |    94 ||   165
Invok: Sacrifice Nimblen |     1 |       ||     1
  Use: Scroll            |     6 |     2 ||     8
       Potion            |       |     1 ||     1
Armor: Scale mail        |    43 |    49 ||    92
       Skin              |       |     7 ||     7
Dodge: Dodged            |    28 |    35 ||    63
Block: Buckler           |    31 |    54 ||    85
       Reflection        |       |     3 ||     3
